 Dungeon Crawl Stone Soup version 0.28.0-53-g5a82cb258f (webtiles) character file.

Game seed: 3507746744468551527

4 protoss039 the Digger (level 1, 0/14 HPs)
             Began as a Demonspawn Earth Elementalist on June 7, 2022.
             Slain by a rat (1 damage)
             ... on level 1 of the Dungeon.
             The game lasted 00:00:35 (53 turns).

protoss039 the Digger (Demonspawn Earth Elementalist) Turns: 53, Time: 00:00:36

Health: 0/14       AC:  2    Str:  8    XL:     1   Next: 50%
Magic:  0/3        EV: 12    Int: 16    God:
Gold:   0          SH:  0    Dex: 13    Spells: 3/4 levels left

rFire   . . .      SeeInvis .   (no weapon)
rCold   . . .      Faith    .   (no shield)
rNeg    . . .      Spirit   .   b - +0 robe
rPois   .          Reflect  .   (no helmet)
rElec   .          Harm     .   (no cloak)
rCorr   .          Rampage  .   (no gloves)
Will    .....                   (no boots)
Stlth   ++........              (no amulet)
HPRegen 0.04/turn               (no ring)
MPRegen 0.08/turn               (no ring)

@: no status effects
A: no striking features
a: no special abilities


You were on level 1 of the Dungeon.
You visited 1 branch of the dungeon, and saw 1 of its levels.

Inventory:

Missiles
 c - 46 stones
Armour
 b - a +0 robe (worn)


   Skills:
 * Level 0.3 Fighting
 + Level 0.1 Armour
 - Level 1.7 Dodging
 - Level 1.7 Stealth
 + Level 2.0 Spellcasting
 - Level 1.0 Transmutations
 + Level 2.7 Earth Magic


You had 3 spell levels left.
You knew the following spells:

 Your Spells              Type           Power      Damage    Failure   Level
a - Sandblast             Erth           20%        2d7       7%          1

Your spell library contained the following spells:

 Spells                   Type           Power      Damage    Failure   Level
 Passwall                 Tmut/Erth      5%         N/A       14%         2
 Stone Arrow              Conj/Erth      12%        3d7       34%         3
 Petrify                  Tmut/Erth      7%         N/A       67%         4


Dungeon Overview and Level Annotations

Branches:
Dungeon (1/15)

Altars:


Message History

Aiming: Sandblast (safe; 7% risk of failure)
Press: ? - help, Shift-Dir - straight line, f - ball python
Aim: a ball python (moderately wounded, constricting you, 77% to hit)
The blast of sand hits the ball python.
You kill the ball python!
Unknown command.
Unknown command.
There is an open door here.
The rat barely misses you. The rat bites you.
* * * LOW HITPOINT WARNING * * *
There is a staircase leading out of the dungeon here.
The rat barely misses you.
You open the door.
The rat twitches its whiskers.
The rat barely misses you.
There is an open door here.
You closely miss the rat. The rat misses you.
You hit the rat.
The rat is moderately wounded.
The rat bites you.
* * * LOW HITPOINT WARNING * * *
Casting: Sandblast (safe; 7% risk of failure)
Confirm with . or Enter, or press ? or * to list all spells.
Aiming: Sandblast (safe; 7% risk of failure)
Press: ? - help, Shift-Dir - straight line, f - rat
Aim: a rat (black smoke, moderately wounded, 79% to hit)
The blast of sand misses the rat.
The blast of sand hits the dart slug.
The dart slug is moderately wounded.
The rat bites you.
* * * LOW HITPOINT WARNING * * *
Found 12 gold pieces.
Found a stone staircase leading down.
A bat and a dart slug come into view.
Found 2 scrolls labelled RYSOGI MEMIDIA and a scroll labelled XAGGASEMARCH.
The rat bites you but does no damage. The bat hits you.
* * * LOW HITPOINT WARNING * * *
The rat bites you.
You die...

...#.#... ..## ...###
#........# ..........
.........# ##.......#
#>.......+ .....[..#
#........# ..#..#.#
#........# ......#
...$.....#######?...#####
........b@...†...........
.###...r#.######.#.###.
...?.w##w#.# ###.# .....
#...## #.†.# ?.?. ###..#
#.#.# #.. ##.# #.### #.
##'###§## # #≈.≈§≈§§# #
#§§.≈.§≈# #.#


You could see 2 dart slugs, a bat and a rat.

Vanquished Creatures
  A dart slug (D:1)
  A ball python (D:1)
2 creatures vanquished.

Notes
Turn   | Place    | Note
-------+----------+-------------------------------------------
     0 | D:1      | protoss039 the Demonspawn Earth Elementalist began the
                  | quest for the Orb.
     0 | D:1      | Reached XP level 1. HP: 13/13 MP: 3/3
    20 | D:1      | Reached skill level 1 in Transmutations
    53 | D:1      | Slain by a rat

Illustrated notes

Levels and vault maps discovered:
D:1:      ncdulo_lavacross, layout_basic, serial_shops, shop,
          nicolae_shop_hallway_plus, shapermc_ecumenical_altar_mp_urbaneastern

Skill      XL: |  1 |
---------------+----+-----
Transmutations | 1 |  1.0
Fighting       | |  0.3
Armour         | |  0.1
Dodging        | |  1.7
Stealth        | |  1.7
Spellcasting   | |  2.0
Earth Magic    | |  2.7

Action                   || total
-------------------------++-------
Melee: Unarmed           ||     6
 Cast: Sandblast         ||     4
Armor: Robe              ||     2
Dodge: Dodged            ||    10
